Map: Ever Dream LE

Players

Serral - Winner!

  • Race: Zerg Zerg
  • Spawn Location: 7:00

Hurricane

  • Race: Protoss Protoss
  • Spawn Location: 1:00

Event: War Chest Team League

VOD

Have the link to the VOD?

Description

Time

  • Played on: Aug. 16, 2020, 11:37 a.m.
  • Length: 6:47
Show
View Real Time Build Order
Export as new Build Order

Serral Zerg - Winner!

Build Orders: Hatch First 

Get SALT Encoding   

  12  0:00  Drone  
  13  0:13  Overlord  
  13  0:17  Drone  
  14  0:31  Drone x2  
  16  0:47  Hatchery  
  15  0:50  Drone  
  15  0:54  Drone  
  17  0:57  Drone  
  18  1:08  Extractor  
  17  1:12  Spawning Pool  
  17  1:15  Drone  
  17  1:19  Drone  
  18  1:28  Drone  
  19  1:39  Drone  
  20  1:50  Overlord  
  20  1:58  Queen  
  20  1:59  Queen  
  20  2:00  Zergling x2  
  20  2:01  Zergling x2  
  26  2:10  Drone  
  26  2:11  Drone  
  26  2:12  Metabolic Boost  
  28  2:21  Drone  
  29  2:23  Drone  
  30  2:35  Hatchery  
  29  2:38  Drone  
  29  2:40  Drone  
  31  2:45  Queen  
  31  2:50  Overlord  
  32  2:53  Drone  
  32  2:55  Drone  
  32  2:57  Drone  
  35  3:09  Drone  
  35  3:10  Drone x3  
  35  3:12  Overlord  
  39  3:16  Zergling x2  
  39  3:18  Spore Crawler  
  39  3:25  Queen  
  39  3:26  Drone x2  
  41  3:33  Zergling x2  
  42  3:35  Drone  
  42  3:38  Roach Warren  
  42  3:42  Drone x2  
  42  3:43  Drone  
  42  3:46  Overlord  
  42  3:47  Drone  
  46  3:53  Overlord  
  46  3:59  Extractor  
  46  4:02  Drone  
  45  4:03  Queen  
  45  4:07  Drone x2  
  49  4:11  Zergling x4, Drone  
  49  4:12  Zergling x2  
  49  4:14  Spore Crawler  
  49  4:15  Zergling x4  
  54  4:19  Overlord  
  54  4:22  Zergling x4  
  56  4:33  Roach  
  56  4:34  Roach x3  
  64  4:45  Roach x5  
  73  4:52  Overlord  
  71  4:56  Overlord  
  71  5:06  Zergling x10  
  73  5:11  Overlord  
  72  5:14  Zergling x6  
  75  5:22  Ravager x3  
  75  5:27  Zergling x12  
  83  5:29  Ravager  
  83  5:33  Zergling x8  
  88  5:40  Zergling x6  
  91  5:47  Ravager  
  91  5:55  Zergling x4  
  91  5:56  Zergling x6  
  86  6:00  Ravager  
  80  6:06  Zergling x4  
  80  6:07  Queen x2  
  84  6:15  Ravager  
  84  6:19  Zergling x8  
  88  6:28  Ravager  
Show
View Real Time Build Order
Export as new Build Order

Hurricane Protoss 

Build Orders: 1 Gate Expand, Oracle Opening 

Get SALT Encoding   

  12  0:00  Probe  
  13  0:12  Probe  
  14  0:18  Pylon  
  14  0:24  Probe (Chrono Boost)  
  15  0:37  Probe (Chrono Boost)  
  15  0:38  Gateway  
  16  0:45  Probe (Chrono Boost)  
  16  0:47  Assimilator  
  17  0:51  Probe  
  18  1:03  Probe  
  19  1:15  Probe  
  20  1:23  Nexus  
  20  1:34  Cybernetics Core  
  20  1:36  Probe  
  21  1:41  Assimilator  
  21  1:48  Probe  
  21  1:53  Pylon  
  22  2:00  Probe  
  23  2:08  Adept (Chrono Boost)  
  23  2:12  Probe  
  26  2:18  Stargate  
  26  2:25  Probe (Chrono Boost)  
  26  2:27  Warp Gate  
  27  2:35  Stalker (Chrono Boost), Probe (Chrono Boost)  
  31  2:43  Probe (Chrono Boost)  
  32  2:44  Probe (Chrono Boost)  
  32  2:49  Probe x2 (Chrono Boost)  
  33  2:58  Adept  
  36  3:01  Probe x2  
  38  3:06  Oracle (Chrono Boost)  
  41  3:13  Probe  
  41  3:15  Probe  
  43  3:25  Probe  
  44  3:27  Probe  
  44  3:33  Pylon  
  45  3:36  Gateway  
  45  3:39  Probe  
  46  3:51  Probe  
  46  3:53  Nexus  
  46  3:55  Robotics Facility, Pylon  
  47  3:58  Oracle  
  50  4:03  Probe  
  50  4:05  Probe  
  52  4:15  Gateway  
  52  4:17  Probe  
  52  4:20  Shield Battery  
  52  4:21  Gateway  
  52  4:22  Probe  
  54  4:24  Assimilator  
  54  4:27  Pylon  
  54  4:29  Probe  
  55  4:34  Probe  
  55  4:35  Forge  
  56  4:41  Probe  
  57  4:47  Probe  
  58  4:55  Adept  
  58  4:56  Zealot  
  58  4:58  Immortal (Chrono Boost)  
  64  5:05  Gateway  
  61  5:07  Gateway  
  61  5:10  Photon Cannon  
  54  5:14  Sentry  
  54  5:18  Sentry x2  
  54  5:19  Stalker  
  62  5:25  Shield Battery  
  62  5:28  Shield Battery  
  62  5:30  Pylon  
  62  5:34  Photon Cannon  
  62  5:36  Immortal (Chrono Boost)  
  62  5:41  Zealot  
  68  5:44  Zealot x2  
  71  5:53  Zealot  
  67  6:03  Zealot x4  
  55  6:20  Stalker  
  55  6:21  Stalker x2  
  61  6:26  Pylon  
  61  6:27  Pylon  
  61  6:35  Pylon  
  61  6:38  Pylon  
Tags
 
Add a new tag
Caveats
  • Supply blocks, unpowered buildings, or Contaminate may cause inaccurate times.
  • Supply counts are checked every 10 seconds.